 Dungeon Crawl Stone Soup version 0.28-a0-239-g68911e0c57 (webtiles) character file.

Game seed: 6004267216725528776

154 MacCMillion the Ruffian (level 5, -5/53 HPs)
             Began as a Troll Monk on Aug 22, 2021.
             Was an Elder of Lugonu.
             Slain by a gnoll (9 damage)
             ... on level 3 of the Dungeon.
             The game lasted 00:08:08 (1503 turns).

MacCMillion the Ruffian (Troll Monk)                Turns: 1503, Time: 00:08:08

Health: -5/53      AC:  4    Str: 20    XL:     5   Next: 13%
Magic:  4/4        EV:  5    Int:  6    God:    Lugonu [****..]
Gold:   58         SH:  0    Dex: 12    Spells: 4/4 levels left

rFire   . . .      SeeInvis .     - Unarmed
rCold   . . .      Faith    .   (no shield)
rNeg    . . .      Spirit   .   a - +0 robe
rPois   .          Reflect  .   (helmet restricted)
rElec   .          Harm     .   (no cloak)
rCorr   .          Rampage  .   (gloves unavailable)
Will    .....                   (boots unavailable)
Stlth   ++........              (no amulet)
HPRegen 1.17/turn               (no ring)
MPRegen 0.09/turn               (no ring)

@: held, hasted, very quick
A: large, unfitting armour, claws 3, regeneration 1, shaggy fur 1, tough skin 1
a: Renounce Religion, Depart the Abyss, Bend Space, Banish, Corrupt


You were on level 3 of the Dungeon.
You worshipped Lugonu.
Lugonu was greatly pleased with you.
You visited 1 branch of the dungeon, and saw 3 of its levels.

You collected 58 gold pieces.

Inventory:

Armour
 a - a +0 robe (worn)
Wands
 k - a wand of iceblast (9)
Scrolls
 c - a scroll of teleportation {unknown}
 e - a scroll of fear {unknown}
 g - a scroll of immolation {unknown}
 h - a scroll of silence {unknown}
 j - a scroll of enchant armour {unknown}
 m - a scroll of identify {unknown}
 n - a scroll of amnesia {unknown}
Potions
 d - a potion of flight {unknown}
 f - a potion of lignification {unknown}
 i - a potion of mutation {unknown}
 l - a potion of cancellation {unknown}


   Skills:
 + Level 3.0 Fighting
 + Level 3.1 Dodging
 + Level 1.4 Stealth
 * Level 4.4 Unarmed Combat


You had 4 spell levels left.
You didn't know any spells.
Your spell library was empty.

Dungeon Overview and Level Annotations

Branches:
Dungeon (3/15)

Altars:
Lugonu

Annotations:
D:2 Sigmund


Innate Abilities, Weirdness & Mutations

You are too large for most types of armour.
You have claws for hands.
Your natural rate of healing is unusually fast.
You are covered in fur. (AC +1)
You have tough skin. (AC +1)


Message History

You kill the orc!
Lugonu accepts your kill. The frilled lizard bites you.
You claw the endoplasm!
You kill the endoplasm!
Lugonu accepts your kill. The frilled lizard bites you.
You closely miss the frilled lizard. The frilled lizard bites you.
You closely miss the frilled lizard. The gnoll closely misses you.
The frilled lizard closely misses you. The frilled lizard bites you.
The gnoll hits you with a +0 halberd.
You scratch the gnoll.
The gnoll is moderately wounded.
The frilled lizard barely misses you. The gnoll barely misses you.
You barely miss the gnoll.
The gnoll is moderately wounded.
The frilled lizard misses you. The gnoll hits you with a +0 halberd!
The gnoll hits you with a +0 flail. The frilled lizard barely misses you.
The gnoll hits you from afar with a +0 halberd!
The endoplasm hits you.
The gnoll throws a throwing net.
The throwing net hits you.
You become entangled in the net!
You see here a throwing net.
You struggle against the net.
The endoplasm dissolves into shadows!
The frilled lizard bites you but does no damage.
The gnoll hits you from afar with a +0 halberd.
You struggle against the net.
The frilled lizard bites you but does no damage.
The gnoll hits you from afar with a +0 halberd!
* * * LOW HITPOINT WARNING * * *
You struggle against the net.
The frilled lizard dissolves into shadows!
The gnoll hits you with a +0 flail!
* * * LOW HITPOINT WARNING * * *
The gnoll hits you but does no damage.
It was a potion of haste.
You feel yourself speed up. The gnoll hits you with a +0 flail.
* * * LOW HITPOINT WARNING * * *
The gnoll hits you from afar with a +0 halberd!
You die...

#..........# ## #
#..........##♣P♣♣♣≈
#...........♣≈≈≈♣≈≈♣## #
...........#♣≈≈≈≈P≈P≈♣♣♣###
#..........#≈≈≈≈≈≈≈≈≈≈≈♣P≈.
#..........≈≈≈P≈≈≈≈≈≈≈≈≈≈≈♣ ###
#######[##♣≈≈≈≈≈≈≈P≈≈≈≈P≈≈≈
###.####........♣≈≈≈.≈♣≈≈≈≈PP≈J≈≈
...........)....@g≈......≈≈≈≈♣♣≈#
##.#####..........g)..........###
#..## #####..≈≈≈≈.≈)..........#
###..# #..≈♣♣≈PP≈≈≈..≈≈....#
...#.# ####...#♣♣≈PP≈≈≈≈≈≈≈##..#
...#.####........♣♣≈P♣PPP≈≈## ...
.............#.###♣♣♣♣♣♣♣♣## <.#
...g.........†.....♣ .#.
.###.###.##..#.##..# .


You could see 2 gnolls.

Vanquished Creatures
  Ijyb (D:3)
  6 gnolls
  2 adders (D:3)
  A dart slug (D:1)
  2 orcs
  3 bats
  2 endoplasms (D:3)
  3 giant cockroaches
  5 goblins (D:1)
  7 hobgoblins
  3 jackals
  A ball python (D:2)
  4 frilled lizards
  6 kobolds
  6 rats
52 creatures vanquished.

Vanquished Creatures (others)
  A plant (D:3)
1 creature vanquished.

Grand Total: 53 creatures vanquished

Notes
Turn   | Place    | Note
-------+----------+-------------------------------------------
     0 | D:1      | MacCMillion the Troll Monk began the quest for the Orb.
     0 | D:1      | Reached XP level 1. HP: 22/22 MP: 0/0
    96 | D:1      | Found a faded altar of an unknown god.
   106 | D:1      | Became a worshipper of Lugonu the Unformed
   106 | D:1      | Reached * piety under Lugonu
   106 | D:1      | Reached ** piety under Lugonu
   106 | D:1      | Reached *** piety under Lugonu
   274 | D:1      | Reached XP level 2. HP: 29/29 MP: 1/1
   514 | D:1      | Reached **** piety under Lugonu
   807 | D:2      | Reached XP level 3. HP: 36/36 MP: 2/2
   865 | D:2      | Noticed Sigmund
   876 | D:3      | Noticed Ijyb
   887 | D:3      | Killed Ijyb
   978 | D:3      | Reached skill level 4 in Unarmed Combat
  1015 | D:3      | Reached XP level 4. HP: 44/44 MP: 3/3
  1348 | D:1      | Reached XP level 5. HP: 35/53 MP: 4/4
  1503 | D:3      | Slain by a gnoll

Illustrated notes

Levels and vault maps discovered:
D:1:      roderic_dead_forest, layout_basic,
          hellmonk_ecumenical_altar_pennies_from_heaven, palyth_stone_intersect
D:2:      layout_rooms, uniq_sigmund
D:3:      layout_rooms, chequers_serial_rivers_large_b, serial_bayou_ford_a,
          minmay_vboxes, uniq_crazy_yiuf_cottage, uniq_ijyb, uniq_natasha

Skill      XL: |  1  2  3  4 |
---------------+-------------+-----
Unarmed Combat | 4 |  4.4
Fighting       | 3 |  3.0
Dodging        | 3 |  3.1
Stealth        | |  1.4

Action                   |  1- 3 |  4- 6 || total
-------------------------+-------+-------++-------
Melee: Unarmed           |    72 |    74 ||   146
       Punch             |     1 |     1 ||     2
  Use: Potion            |       |     1 ||     1
 Stab: Sleeping          |     4 |       ||     4
Armor: Robe              |    15 |    38 ||    53
Dodge: Dodged            |    32 |    80 ||   112

Table legend: (Time is in decaauts)
 A = Elapsed time spent in this place.
 B = Non-inter-level travel time spent in this place.
 C = Inter-level travel time spent in this place.
 D = Time resting spent in this place.
 E = Time spent auto-exploring this place.
 F = Levels seen in this place.
 G = Mean time per level.
                   A        B        C        D        E       F      G
               +--------+--------+--------+--------+--------+-----+--------+
         Total |   1502 |   1454 |     48 |    123 |    830 |   3 |  500.7 |
       Dungeon |   1502 |   1454 |     48 |    123 |    830 |   3 |  500.7 |
               +--------+--------+--------+--------+--------+-----+--------+

Top non-repeatable levels by time:
     D:1: 832 daAuts
     D:2: 464 daAuts
     D:3: 205 daAuts
